 Dungeon Crawl Stone Soup version 0.31.0-9-g3a7656b989 (webtiles) character file.

Game seed: 10575506657953628814

1633 qw the Skirmisher (level 8, 0/37 (40) HPs)
             Began as a Spriggan Hunter on Feb 2, 2024.
             Was a Believer of Okawaru.
             Slain by a wight
             ... wielding a +3 spear
              (1 damage)
             ... on level 6 of the Dungeon.
             The game lasted 00:00:18 (4270 turns).

qw the Skirmisher (Spriggan Hunter)                 Turns: 4270, Time: 00:00:18

HP:   0/37 (40)     AC:  6    Str:  7    XL:     8   Next: 66%
MP:   12/12         EV: 23    Int: 11    God:    Okawaru [**....]
Gold: 279           SH:  0    Dex: 20    Spells: 7/7 levels left

rFire   . . .        a - +0 shortbow
rCold   . . .        (shield currently unavailable)
rNeg    . . .        c - +0 robe
rPois   .            (helmet restricted)
rElec   .            (no cloak)
rCorr   .            (gloves unavailable)
SInv    +            (boots unavailable)
Will    +....        (no amulet)
Stlth   ++           k - +4 ring of protection
HPRegen 0.26/turn    (no ring)
MPRegen 0.13/turn

%: no passive effects
@: drained, very quick
A: very small, no large weapons, unfitting armour, see invisible, speed 3
a: Renounce Religion, Heroism


You were on level 6 of the Dungeon.
You worshipped Okawaru.
Okawaru was pleased with you.
You visited 1 branch of the dungeon, and saw 6 of its levels.

You collected 279 gold pieces.


Innate Abilities, Weirdness & Mutations

You are very small and have problems with some larger weapons.
You are too small for most types of armour.
You have supernaturally acute eyesight. (SInv)
You cover ground extremely quickly. (Speed+++)


   Skills:
 - Level 3.0 Fighting
 + Level 8.6 Ranged Weapons
 - Level 8.1 Dodging
 - Level 1.5 Stealth
 - Level 4.1 Invocations


You had 7 spell levels left.
You didn't know any spells.
Your spell library was empty.

Inventory:

Hand Weapons
 a - a +0 shortbow (weapon)
Armour
 c - a +0 robe (worn)
Jewellery
 f - an amulet of guardian spirit
 k - a +4 ring of protection (left hand)
Potions
 d - a potion of mutation
 h - 4 potions of curing
 i - a potion of degeneration {unknown}
 j - a potion of enlightenment {unknown}
 l - a potion of ambrosia {unknown}

Dungeon Overview and Level Annotations

Branches:
Dungeon (6/15)
 Temple: D:4-7

Altars:
Cheibriados
Dithmenos
Fedhas
Hepliaklqana
Makhleb
Okawaru
Qazlal
Ru
Sif Muna
Trog
Uskayaw
Yredelemnul
The Shining One


Message History

The wight is severely damaged.
The wight barely misses you.
You shoot an arrow. The arrow hits the wight.
The wight is almost destroyed.
The wight completely misses you.
You shoot an arrow. The arrow hits the wight.
You destroy the wight!
Okawaru accepts your kill.
Your life force feels restored.
You shoot an arrow. The arrow hits the wight!
The wight is severely damaged.
You shoot an arrow. The arrow barely misses the wight.
The wight hits you from afar with a +3 spear.
You shoot an arrow.
The arrow hits the wight but does no damage.
The wight is severely damaged.
The wight barely misses you.
You shoot an arrow. The arrow barely misses the wight.
The wight barely misses you.
You shoot an arrow. The arrow barely misses the wight.
The wight completely misses you.
You shoot an arrow. The arrow closely misses the wight.
The wight hits you from afar with a +3 spear.
You feel drained.
You shoot an arrow. The arrow closely misses the wight.
The wight misses you.
You shoot an arrow. The arrow closely misses the wight.
The wight closely misses you.
You shoot an arrow.
The arrow hits the wight but does no damage.
The wight is severely damaged.
The wight completely misses you.
You shoot an arrow. The arrow hits the wight.
The wight is severely damaged.
The wight hits you from afar with a +3 spear.
You feel drained.
You shoot an arrow. The arrow barely misses the wight.
The wight hits you from afar with a +3 spear.
You feel drained.
You die...

###
##+##..#
#......#
#......#
#......#
+...@..#
#..##)(#
#######%.#
z.#
+....)...#
..#
#...<....#
..#
#........#
..#
#....##..#
..#
+....##..#
..#
#..........


You could see a wight.

Vanquished Creatures
  Sigmund (D:3)
  Menkaure (D:5)
  2 ogres (D:5)
  A phantom (D:5)
  A gnoll sergeant (D:5)
  6 scorpions
  3 wights (D:6)
  A jelly (D:5)
  A bombardier beetle (D:4)
  3 hounds
  An orc priest (D:4)
  Jessica (D:2)
  3 iguanas
  2 orc wizards
  5 gnolls (D:5)
  10 adders
  3 dart slugs
  A ribbon worm (D:3)
  5 orcs
  2 ball pythons
  10 endoplasms
  2 giant cockroaches
  11 goblins
  4 hobgoblins
  6 kobolds
  6 quokkas
  4 bats
  A frilled lizard (D:1)
  4 rats
  A spectral goblin (D:4)
102 creatures vanquished.

Notes
Turn   | Place    | Note
-------+----------+-------------------------------------------
     0 | D:1      | qw the Spriggan Hunter began the quest for the Orb.
     0 | D:1      | Reached XP level 1. HP: 10/10 MP: 2/2
     0 | D:1      | 0 ||| qw: Version: 0.3-a-155-g5e7d8dd
     0 | D:1      | 0 ||| qw: Game counter: 1794
     0 | D:1      | 0 ||| qw: Melee chars always use a shield: true
     0 | D:1      | 0 ||| qw: God list: Okawaru
     0 | D:1      | 0 ||| qw: Allow faded altars: false
     0 | D:1      | 0 ||| qw: Do Orc after clearing Dungeon:15 true
     0 | D:1      | 0 ||| qw: Do second Lair branch before Depths: true
     0 | D:1      | 0 ||| qw: Lair rune preference: random
     0 | D:1      | 0 ||| qw: Goals: Normal
     0 | D:1      | 0 ||| PLANNING D:1-11
   110 | D:1      | Reached skill level 3 in Dodging
   162 | D:1      | Reached XP level 2. HP: 14/14 MP: 3/3
   844 | D:1      | 844 ||| DROPPING amulet of magic regeneration.
   845 | D:1      | 845 ||| UPGRADING to +4 ring of protection.
   846 | D:1      | 846 ||| READING scroll labelled UVI KUUSYAMOFU.
   846 | D:1      | 846 ||| IDENTIFYING white potion
   847 | D:1      | 847 ||| READING scroll labelled COUMUN BEWUCH.
   848 | D:1      | 848 ||| READING 2 scrolls labelled MUCVYF QUTIAS.
   849 | D:1      | 849 ||| READING 2 scrolls labelled LUCZEUGGAG.
   850 | D:1      | 850 ||| DRINKING 2 coppery potions.
   851 | D:1      | 851 ||| DROPPING scroll of butterflies.
   852 | D:1      | 852 ||| DROPPING scroll of noise.
   853 | D:1      | 853 ||| DROPPING scroll of revelation.
   921 | D:2      | Reached XP level 3. HP: 18/18 MP: 4/4
  1121 | D:2      | Reached XP level 4. HP: 22/22 MP: 5/5
  1479 | D:2      | 1479 ||| READING 2 scrolls of identify.
  1479 | D:2      | 1479 ||| IDENTIFYING bubbling cyan potion
  1480 | D:2      | 1480 ||| READING scroll of identify.
  1480 | D:2      | 1480 ||| IDENTIFYING emerald potion
  1481 | D:2      | 1481 ||| READING scroll labelled SAFEMP ZIYM.
  1582 | D:2      | 1582 ||| DROPPING potion of lignification.
  1583 | D:2      | 1583 ||| DROPPING potion of attraction.
  1607 | D:3      | Noticed Jessica
  1609 | D:3      | 1609 ||| STAIRDANCE
  1612 | D:2      | 1612 ||| DRINKING potion of haste.
  1613 | D:2      | Killed Jessica
  1817 | D:3      | Noticed Sigmund
  1820 | D:3      | HP: 4/23 [Sigmund/+0 scythe (8)]
  1830 | D:3      | HP: 4/23 [Sigmund/+0 scythe (2)]
  1831 | D:3      | Killed Sigmund
  1832 | D:3      | Reached skill level 6 in Ranged Weapons
  1832 | D:3      | Reached XP level 5. HP: 5/26 MP: 6/6
  1832 | D:3      | Reached XP level 6. HP: 6/30 MP: 7/7
  2068 | D:3      | Found a glowing golden altar of the Shining One.
  2068 | D:3      | Found a basalt altar of Yredelemnul.
  2077 | D:3      | Found a sacrificial altar of Ru.
  2079 | D:3      | Found a snail-covered altar of Cheibriados.
  2081 | D:3      | Found a hide-covered altar of Uskayaw.
  2155 | D:3      | 2155 ||| READING scroll of identify.
  2155 | D:3      | 2155 ||| IDENTIFYING brown potion
  2156 | D:3      | 2156 ||| READING scroll labelled TAQUID YTOCUTA.
  2157 | D:3      | 2157 ||| READING scroll labelled PIYXUU DIQUNKY.
  2246 | D:4      | Reached skill level 6 in Dodging
  2266 | D:4      | Found a bloodstained altar of Trog.
  2266 | D:4      | Found a blossoming altar of Fedhas.
  2266 | D:4      | Found a stormy altar of Qazlal.
  2268 | D:4      | Found a shimmering blue altar of Sif Muna.
  2268 | D:4      | Found an iron altar of Okawaru.
  2269 | D:4      | 2269 ||| PLANNING OKAWARU WORSHIP
  2275 | D:4      | Became a worshipper of Warmaster Okawaru
  2276 | D:4      | 2276 ||| PLANNING D:1-11
  2442 | D:4      | Found a burning altar of Makhleb.
  2667 | D:4      | Found a hazy altar of Hepliaklqana.
  2692 | D:4      | Identified the +6 ring mail "Eblouh" {rElec}
  2883 | D:4      | 2883 ||| READING scroll of identify.
  2883 | D:4      | 2883 ||| IDENTIFYING bubbling amethyst potion
  2895 | D:5      | Entered Level 5 of the Dungeon
  2901 | D:5      | Reached XP level 7. HP: 35/35 MP: 8/8
  3168 | D:5      | Found a shadowy altar of Dithmenos.
  3323 | D:5      | Reached * piety under Okawaru
  3354 | D:5      | Reached skill level 1 in Invocations
  3406 | D:5      | Noticed Menkaure
  3407 | D:5      | 3407 ||| INVOKING Heroism.
  3416 | D:5      | Killed Menkaure
  3444 | D:5      | Reached XP level 8. HP: 37/39 MP: 8/10
  3472 | D:5      | HP: 4/39 [gnoll sergeant/+0 spear (11)]
  3473 | D:5      | 3473 ||| DRINKING 2 potions of heal wounds.
  3688 | D:5      | Reached skill level 3 in Fighting
  3703 | D:5      | Reached skill level 3 in Invocations
  3810 | D:5      | Reached ** piety under Okawaru
  4013 | D:5      | 4013 ||| READING scroll of identify.
  4013 | D:5      | 4013 ||| IDENTIFYING orange potion
  4014 | D:5      | 4014 ||| DROPPING potion of brilliance.
  4034 | D:6      | HP: 9/40 [ogre/+0 giant spiked club (31)]
  4035 | D:6      | 4035 ||| DRINKING potion of heal wounds.
  4036 | D:6      | 4036 ||| STAIRDANCE
  4038 | D:5      | HP: 4/40 [ogre/+0 giant spiked club (28)]
  4269 | D:6      | HP: 6/39 [wight/+3 spear (6)]
  4270 | D:6      | HP: 1/38 [wight/+3 spear (4)]
  4270 | D:6      | Slain by a wight

Levels and vault maps discovered:
D:1:      dpeg_chamrin_arrival_tetris, layout_loops_corners, minmay_hexomino_c4
D:2:      kennysheep_the_goblin_king, layout_loops_ring
D:3:      layout_rooms, chequers_temple_overflow_minitemple, amethyst_killhole,
          st_stairs_13, uniq_jessica, uniq_sigmund
D:4:      layout_loops_cross, grunt_temple_overflow_open,
          mainiacjoe_overflow_small_starburst,
          nicolae_hepliaklqana_monster_ancestors
D:5:      layout_loops_ring, kennysheep_little_box,
          kennysheep_opposing_triangles, uniq_menkaure
D:6:      layout_gridville, minmay_temple_entry_antechambers, sigmund_army

Skill      XL: |  1  2  3  4  5  6  7  8 |
---------------+-------------------------+-----
Dodging        | 3 4 5 6 7 8 |  8.1
Ranged Weapons | 5 6 7 8 |  8.6
Fighting       | 2 3 |  3.0
Invocations    | 1 4 |  4.1
Stealth        | |  1.5

Action                     |  1- 3 |  4- 6 |  7- 9 || total
---------------------------+-------+-------+-------++-------
   Fire: Shortbow          |   106 |   137 |   242 ||   485
 Invoke: Heroism           |       |       |     1 ||     1
    Use: Scroll            |     4 |     7 |     1 ||    12
         Potion            |     1 |     1 |     2 ||     4
 Armour: Robe              |    12 |    13 |    45 ||    70
  Dodge: Dodged            |    39 |    29 |   140 ||   208

Table legend:
 A = Non-vault XP
 B = Vault XP
 C = Vault XP percentage of total XP
 D = Non-vault monster count
 E = Vault monster count
 F = Vault count percentage of total count
                 A         B        C        D         E       F
            +---------+---------+-------+---------+---------+-------
      Total |    1741 |     592 |  25.4 |      79 |      23 |  22.5
            +---------+---------+-------+---------+---------+-------
        D:1 |      23 |       8 |  25.8 |      10 |       5 |  33.3
        D:2 |      84 |      50 |  37.3 |      22 |       8 |  26.7
        D:3 |     106 |     229 |  68.4 |       8 |       3 |  27.3
        D:4 |     208 |       3 |   1.4 |      15 |       2 |  11.8
        D:5 |    1063 |     302 |  22.1 |      20 |       5 |  20.0
        D:6 |     257 |       0 |   0.0 |       4 |       0 |   0.0
            +---------+---------+-------+---------+---------+-------
